 Dungeon Crawl Stone Soup version 0.19-a0-450-g98b348d (webtiles) character file.

379 McCoppin the Chopper (level 6, -3/48 HPs)
             Began as a Demonspawn Gladiator on June 1, 2016.
             Was a Follower of Uskayaw.
             Slain by an orc wizard
             ... wielding a +0 hand axe
              (8 damage)
             ... on level 4 of the Dungeon.
             The game lasted 00:07:22 (2684 turns).

McCoppin the Chopper (Demonspawn Gladiator)         Turns: 2684, Time: 00:07:22

Health: -3/48      AC:  6    Str: 17    XL:     6   Next: 45%
Magic:  0/6        EV: 12    Int: 10    God:    Uskayaw [*.....]
Gold:   165        SH:  0    Dex: 13    Spells: 0 memorised, 5 levels left

rFire  . . .     SeeInvis .     a - +0 war axe
rCold  . . .     Gourm    .     b - +0 leather armour
rNeg   . . .     Faith    .     (no shield)
rPois  .         Spirit   +     c - +0 helmet
rElec  .         Dismiss  .     (no cloak)
rCorr  .         Reflect  .     (no gloves)
SustAt .         Harm     .     (no boots)
MR     .....                    (no amulet)
Stlth  +.........               (no ring)
                                (no ring)

@: not resistant to hostile enchantments, very unstealthy
A: slimy green scales 1, demonic guardian 1, magic shield
a: Stomp, Renounce Religion


You were on level 4 of the Dungeon.
You worshipped Uskayaw.
Uskayaw was aware of your devotion.
You were very hungry.

You visited 1 branch of the dungeon, and saw 4 of its levels.

You collected 165 gold pieces.

Inventory:

Hand Weapons
 a - a +0 war axe (weapon)
Missiles
 d - 5 throwing nets (quivered)
Armour
 b - a +0 leather armour (worn)
 c - a +0 helmet (worn)
Jewellery
 k - an uncursed amulet of guardian spirit
Wands
 r - a wand of acid (5/15)
Scrolls
 e - a scroll of amnesia {unknown}
 g - 2 scrolls of enchant weapon {unknown}
 i - 2 scrolls of blinking {unknown}
 j - a scroll of teleportation {unknown}
 l - a scroll of fog {unknown}
 n - a scroll of noise {unknown}
 o - 6 scrolls of identify {unknown}
 q - a scroll of fear {unknown}
 t - a scroll of remove curse {unknown}
 v - 3 scrolls of recharging {unknown}
 y - a scroll of magic mapping {unknown}
Potions
 h - a potion of berserk rage
 m - a potion of beneficial mutation {unknown}
 p - 2 potions of haste {unknown}
 u - a potion of heal wounds {unknown}
 w - a potion of cancellation
 z - a potion of flight {unknown}
 A - a potion of brilliance {unknown}
 B - a potion of curing {unknown}
Comestibles
 f - 7 bread rations
 s - a beef jerky
 x - 2 meat rations


   Skills:
 + Level 4.2 Fighting
 * Level 5.7 Axes
 - Level 1.7 Throwing
 - Level 2.6 Dodging


You had 5 spell levels left.
You didn't know any spells.

Dungeon Overview and Level Annotations

Branches:
Dungeon (4/15)
 Temple: D:4-7

Altars:
Ashenzari
Cheibriados
Dithmenos
Fedhas
Okawaru
Trog
Uskayaw
Xom


Innate Abilities, Weirdness & Mutations

You are partially covered in slimy green scales. (AC +2)
A weak demonic guardian rushes to your aid.
When hurt, damage is shared between your health and your magic reserves.


Message History

You completely miss something. Something hits you but does no damage.
You barely miss something. Something hits you but does no damage.
You closely miss something. Something hits you but does no damage.
You stomp with the beat, sending a shockwave through the revelers around you!
You feel somewhat more hungry.
You can no longer stomp with the beat.
You hear some strange, mumbled words.
A puff of flame appears from out of thin air!
The puff of flame hits you!
* * * LOW HITPOINT WARNING * * *
You can now stomp with the beat.
You closely miss something. Something hits you.
* * * LOW HITPOINT WARNING * * *
Unknown command.
It was a potion of berserk rage.
You're too hungry to go berserk.
Something hits you but does no damage.
It was a potion of cancellation.
You feel magically purged. Something completely misses you.
You closely miss something. Something hits you!
You die...

....#
#..##.......##.#
#####
####..####.....##.#
#
#......###..oo....#
# ##........o..####
# #....#.>.....# #
#....#.......# # #
##...#.......#
#.####.##.......#
#...@{o##.......# ##
######.##.......#
##. ###.##.<.....#
#.. #...##########
#.. ##.###### #..
##.......#########..
#..#####.#... ..#..
#..# #.#.#####.##.
#..# #......##.###


You could see an orc.

Vanquished Creatures
  A phantom (D:4)
  A hound (D:3)
  A crimson imp (D:4)
  A centaur skeleton (D:4)
  3 worker ants (D:4)
  7 adders
  2 worms (D:2)
  2 giant geckos (D:2)
  2 orcs (D:4)
  4 giant cockroaches
  4 goblins
  7 hobgoblins
  7 jackals
  4 kobolds (D:2)
  A quokka (D:3)
  8 bats
  A giant newt (D:1)
  24 rats
80 creatures vanquished.

Notes
Turn   | Place    | Note
--------------------------------------------------------------
     0 | D:1      | McCoppin the Demonspawn Gladiator began the quest for the Orb.
     0 | D:1      | Reached XP level 1. HP: 16/16 MP: 1/1
   210 | D:1      | Reached skill level 3 in Axes
   232 | D:1      | Gained mutation: You are partially covered in slimy green scales. (AC +2) [demonic ancestry]
   232 | D:1      | Reached XP level 2. HP: 20/22 MP: 2/2
   662 | D:2      | Found a blossoming altar of Fedhas.
   681 | D:2      | Gained mutation: A weak demonic guardian rushes to your aid. [demonic ancestry]
   681 | D:2      | Reached XP level 3. HP: 10/28 MP: 3/3
  1388 | D:3      | Found a hide-covered altar of Uskayaw.
  1390 | D:3      | Found a snail-covered altar of Cheibriados.
  1391 | D:3      | Found an iron altar of Okawaru.
  1391 | D:3      | Found a shattered altar of Ashenzari.
  1391 | D:3      | Found a bloodstained altar of Trog.
  1393 | D:3      | Found a shimmering altar of Xom.
  1394 | D:3      | Found a shadowy altar of Dithmenos.
  1396 | D:3      | Became a worshipper of Uskayaw the Reveler
  1469 | D:3      | Found a faded altar of an unknown god.
  1483 | D:3      | Reached * piety under Uskayaw
  1551 | D:3      | Reached ** piety under Uskayaw
  1558 | D:3      | Reached XP level 4. HP: 34/34 MP: 4/4
  1563 | D:3      | Reached skill level 4 in Axes
  1574 | D:3      | Reached *** piety under Uskayaw
  1581 | D:3      | Reached **** piety under Uskayaw
  1927 | D:4      | Gained mutation: When hurt, damage is shared between your health and your magic reserves. [demonic ancestry]
  1927 | D:4      | Reached XP level 5. HP: 27/41 MP: 5/5
  2124 | D:4      | Noticed a phantom
  2133 | D:4      | Killed a phantom
  2133 | D:4      | Reached skill level 5 in Axes
  2248 | D:4      | Reached XP level 6. HP: 41/48 MP: 6/6
  2684 | D:4      | Slain by an orc wizard

Vault maps used:
D:1:      lightli_arrival_flooded_house, minmay_misc_feat_rugged
D:2:      first_bread, fedhas_altar_2
D:3:      grunt_temple_overflow_open, ecumenical_altar_1, minmay_rat_hole

Skill      XL: |  1  2  3  4  5  6 |
---------------+-------------------+-----
Axes           | 3 4 5 |  5.7
Fighting       | 3 4 |  4.2
Throwing       | |  1.7
Dodging        | |  2.6

Action                   |  1- 3 |  4- 6 || total
-------------------------+-------+-------++-------
Melee: War axe           |   124 |   179 ||   303
Invok: Stomp             |       |     1 ||     1
  Use: Potion            |       |     2 ||     2
 Stab: Sleeping          |     1 |     1 ||     2
       Distracted        |       |     1 ||     1
       Paralysed         |       |     1 ||     1
  Eat: Chunk             |     1 |     4 ||     5
Armor: Leather armour    |    53 |    75 ||   128
Dodge: Dodged            |    92 |   126 ||   218
